 Dungeon Sprint DCSS version 0.28.0-53-g5a82cb258f (webtiles) character file.

Game seed: 6226408253039727844

147 Zeld the Fighter (level 5, -10/53 HPs)
             Began as a Minotaur Berserker on June 4, 2022.
             Was a Priest of Trog.
             Killed from afar by a deep elf pyromancer (30 damage)
             ... with a bolt of fire
             ... in the Dungeon (Sprint III: "The Ten Rune Challenge").
             The game lasted 00:00:37 (632 turns).

Zeld the Fighter (Minotaur Berserker)                Turns: 632, Time: 00:00:38

Health: -10/53     AC:  3    Str: 24    XL:     5   Next: 7%
Magic:  4/4        EV: 13    Int:  4    God:    Trog [***...]
Gold:   51         SH:  0    Dex:  9    Spells: 4/4 levels left

rFire   . . .      SeeInvis .   a - +0 hand axe
rCold   . . .      Faith    .   (no shield)
rNeg    . . .      Spirit   .   b - +0 animal skin
rPois   .          Reflect  .   (helmet restricted)
rElec   .          Harm     .   (no cloak)
rCorr   .          Rampage  .   i - +0 pair of gloves
Will    ++...      NoTele   +   (no boots)
Stlth   +.........              (no amulet)
HPRegen 1.17/turn               (no ring)
MPRegen 0.09/turn               (no ring)

@: strong-willed, on berserk cooldown, regenerating, slowed, very slow
A: horns 2, retaliatory headbutt
a: Renounce Religion, Berserk, Trog's Hand


You were in the Dungeon.
You worshipped Trog.
Trog was most pleased with you.
You visited 1 branch You collected 51 gold pieces.

Inventory:

Hand Weapons
 a - a +0 hand axe (weapon)
Armour
 b - a +0 animal skin (worn)
 i - a +0 pair of gloves (worn)
Scrolls
 h - a scroll of blinking
 l - a scroll of holy word {unknown}
 m - a scroll of enchant armour {unknown}
 o - a scroll of torment {unknown}
 p - a scroll of identify {unknown}
Potions
 c - a potion of curing
 d - a potion of heal wounds
 e - a potion of haste
 f - 3 potions of magic
 g - a potion of berserk rage
 j - a potion of might {unknown}
 k - 3 potions of mutation {unknown}
 n - a potion of cancellation {unknown}
 q - a potion of flight {unknown}


   Skills:
 * Level 8.0 Fighting
 * Level 7.9 Axes
 + Level 5.4 Armour
 + Level 4.9 Dodging


You had 4 spell levels left.
You didn't know any spells.
Your spell library was empty.

Dungeon Overview and Level Annotations

Branches:
Dungeon (1/1)

Altars:
Elyvilon
Kikubaaqudgha
Sif Muna
Vehumet
Zin
The Shining One


Innate Abilities, Weirdness & Mutations

You have a pair of horns on your head.
You reflexively headbutt those who attack you in melee.


Message History

You closely miss the deep elf pyromancer.
Your headbutt misses the deep elf pyromancer.
The deep elf pyromancer misses you.
You barely miss the deep elf pyromancer.
Your headbutt misses the deep elf pyromancer.
The deep elf pyromancer hits you with a +1 long sword of holy wrath!
You closely miss the deep elf pyromancer.
Your headbutt misses the deep elf pyromancer.
The deep elf pyromancer hits you with a +1 long sword of holy wrath!
You are too injured to fight recklessly!
A red film seems to cover your vision as you go berserk!
You feel yourself moving faster!
You feel mighty!
The deep elf pyromancer gestures wildly while chanting.
The deep elf pyromancer blinks!
You feel a strong urge to attack something.
The deep elf pyromancer points at you and mumbles some strange words.
The sticky flame hits you!
You are covered in liquid flames!
You are covered in liquid flames!
There is a white marble altar of Elyvilon here.
You feel your anger nearly subside.
You are covered in liquid flames!
* * * LOW HITPOINT WARNING * * *
The deep elf pyromancer casts a spell.
The deep elf pyromancer blinks!
You slam the door shut with a bang!
You are covered in liquid flames!
* * * LOW HITPOINT WARNING * * *
You are no longer berserk.
You are exhausted.
You feel yourself slow down.
Your skin crawls.
You feel strong-willed.
A deep elf pyromancer opens the door.
You see here a potion of heal wounds.
A deep elf pyromancer is nearby!
The deep elf pyromancer gestures at you while chanting.
The bolt of fire hits you!!
Ouch! That really hurt!
You die...

▓▓▓▓▓ ▓▓▓ #...####
##.#####
#......#####..#___#
#....)..#..#..#!@.#
##.##...#..#..###'#+###+#
##.###..##'#..#...e......
###.##†.###...'.⌠........
#..##..####...#...######+
...##..###....#.⌠.#
..##...##.....#...#
.##....#......#)###
###..##.#.....#):.#


You could see a deep elf pyromancer.

Vanquished Creatures
  A water elemental (D)
  Jessica (D)
  A wizard (D)
  A human (D)
  A kobold demonologist (D)
  A phantom (D)
  An endoplasm (D)
  2 rats (D)
9 creatures vanquished.

Notes
Turn   | Place    | Note
-------+----------+-------------------------------------------
     0 | D        | Zeld the Minotaur Berserker began the quest for the Orb.
     0 | D        | Reached XP level 1. HP: 19/19 MP: 0/0
    11 | D        | Reached skill level 4 in Fighting
    26 | D        | Noticed Jessica
    30 | D        | Killed Jessica
    30 | D        | Reached ** piety under Trog
    31 | D        | Reached skill level 5 in Fighting
    31 | D        | Reached skill level 5 in Axes
    31 | D        | Reached XP level 2. HP: 29/29 MP: 1/1
    68 | D        | Reached XP level 3. HP: 29/36 MP: 2/2
   144 | D        | Reached skill level 6 in Fighting
   272 | D        | Noticed a water elemental
   277 | D        | Killed a water elemental
   277 | D        | Reached *** piety under Trog
   278 | D        | Reached skill level 7 in Fighting
   278 | D        | Reached XP level 4. HP: 22/47 MP: 3/3
   525 | D        | Found a radiant altar of Vehumet.
   525 | D        | Found a shimmering blue altar of Sif Muna.
   525 | D        | Found an ancient bone altar of Kikubaaqudgha.
   525 | D        | Noticed a wizard
   529 | D        | Killed a wizard
   530 | D        | Reached skill level 5 in Armour
   533 | D        | Reached skill level 8 in Fighting
   533 | D        | Reached XP level 5. HP: 51/53 MP: 4/4
   618 | D        | Found a glowing silver altar of Zin.
   618 | D        | Found a glowing golden altar of the Shining One.
   618 | D        | Found a white marble altar of Elyvilon.
   619 | D        | Noticed a deep elf pyromancer
   632 | D        | Killed from afar by a deep elf pyromancer

Illustrated notes

Levels and vault maps discovered:
D:        dungeon_sprint_mu [sprint_mu_entry_cave, sprint_mu_temple_rooms,
          sprint_mu_d1_spiders, sprint_mu_d2_genie, sprint_mu_d3_branching,
          sprint_mu_orc_legion, sprint_mu_elf_gauntlet, sprint_mu_hive_nellie,
          sprint_mu_lair_fedhas, sprint_mu_vaults_butterflies,
          sprint_mu_slime_circle, sprint_mu_swamp_cave, sprint_mu_snake_twists,
          sprint_mu_blade_basic, sprint_mu_crypt_lich, sprint_mu_tomb_spiral,
          sprint_mu_vestibule_basic, sprint_mu_gehenna_hellfire,
          sprint_mu_dis_giant, sprint_mu_tartarus_statrot,
          sprint_mu_cocytus_islands, sprint_mu_zot1]

Skill      XL: |  1  2  3  4 |
---------------+-------------+-----
Fighting       | 5 7 8 |  8.0
Axes           | 5 7 |  7.9
Armour         | 3 4 5 |  5.4
Dodging        | 3 4 |  4.9

Action                   |  1- 3 |  4- 6 || total
-------------------------+-------+-------++-------
Melee: Hand axe          |    22 |    11 ||    33
Invok: Berserk           |     3 |     1 ||     4
       Trog's Hand       |       |     1 ||     1
Armor: Animal skin       |     2 |       ||     2
Dodge: Dodged            |     6 |     6 ||    12
